 Dungeon Crawl Stone Soup version 0.20-a0-548-g4f8a798 (webtiles) character file.

32 KristoblXynda the Charmwright (level 3, 0/29 HPs)
             Began as a Draconian Skald on Feb 1, 2017.
             Succumbed to an adder's poison
             ... on level 2 of the Dungeon.
             The game lasted 00:01:54 (567 turns).

KristoblXynda the Charmwright (Draconian Skald)      Turns: 567, Time: 00:01:55

Health: 0/29       AC:  5    Str: 11    XL:     3   Next: 10%
Magic:  4/5        EV: 12    Int: 16    God:
Gold:   60         SH:  0    Dex: 10    Spells: 5/6 levels left

rFire    . . .     SeeInvis .     - Unarmed
rCold    . . .     Gourm    .   (armour unavailable)
rNeg     . . .     Faith    .   (no shield)
rPois    .         Spirit   .   (helmet restricted)
rElec    .         Reflect  .   (no cloak)
rCorr    .         Harm     .   (no gloves)
MR       .....     Rnd*Rage +   (no boots)
Stlth    +.........             (no amulet)
Regen    0.1/turn               (no ring)
                                (no ring)

@: lethally poisoned (0 -> -4)
A: unfitting armour, berserk 1, clever 1, low mp 1, weak 1, cold-blooded, AC +5
a: no special abilities


You were on level 2 of the Dungeon.
You were not hungry.

You visited 1 branch of the dungeon, and saw 2 of its levels.

You collected 60 gold pieces.

Inventory:

Missiles
 f - 2 throwing nets (quivered)
Armour
 d - a +0 shield
Scrolls
 c - 2 scrolls of identify {unknown}
Books
 a - a book of Battle

   Spells                             Type                      Level
   a - Infusion                       Charms                       1
   b - Shroud of Golubria             Charms/Translocation         2
   c - Song of Slaying                Charms                       2
   d - Spectral Weapon                Hexes/Charms                 3
   e - Regeneration                   Charms/Necromancy            3
Comestibles
 b - a bread ration


   Skills:
 - Level 2.1 Fighting
 + Level 2.4 Dodging
 + Level 2.8 Unarmed Combat
 - Level 2.0 Spellcasting
 + Level 3.1 Charms


You had 5 spell levels left.
You knew the following spells:

 Your Spells              Type           Power        Failure   Level  Hunger
a - Infusion              Chrm           ##..         8%          1    #......


Dungeon Overview and Level Annotations

Branches:
Dungeon (2/15)

Altars:


Innate Abilities, Weirdness & Mutations

Your plain brown scales are hard. (AC +5)
You cannot fit into any form of body armour.
You are cold-blooded and may be slowed by cold attacks.
You tend to lose your temper in combat.
Your mind is acute. (Int +2)
Your magical capacity is low. (-10% MP)
You are weak. (Str -2)


Message History

Your magical infusion is running out.
* * * LOW HITPOINT WARNING * * *
You feel sick.
* * * LOW HITPOINT WARNING * * *
You feel sick.
* * * LOW HITPOINT WARNING * * *
You feel sick.
It was a potion of mutation.
You feel extremely strange.
You feel weaker.
You feel clumsy.
You feel a little pissed off.
Unknown command.
Okay, then.
You feel extremely strange.
You feel clever.
You feel less energetic.
You feel agile.
* * * LOW HITPOINT WARNING * * *
You feel sick.
Unknown command.
You are no longer magically infusing your attacks.
* * * LOW HITPOINT WARNING * * *
You feel sick.
You die...

#... #... #...
###...##########
.............?.#
...............+
...............#
########..%....@#
.........########
##.....#..#
#..?..##.#########
#..... #..........
#..... #..########
#..... #.........
#.....##...#.#.###
+.....+...........


There were no monsters in sight!

Vanquished Creatures
  An adder (D:2)
  A dart slug (D:1)
  A leopard gecko (D:1)
  5 hobgoblins (D:1)
  5 kobolds (D:1)
  4 bats
  3 frilled lizards (D:1)
  2 rats (D:1)
22 creatures vanquished.

Notes
Turn   | Place    | Note
-------+----------+-------------------------------------------
     0 | D:1      | KristoblXynda the Draconian Skald began the quest for the Orb.
     0 | D:1      | Reached XP level 1. HP: 17/17 MP: 3/3
   166 | D:1      | Reached XP level 2. HP: 22/24 MP: 5/5
   373 | D:1      | Reached skill level 3 in Charms
   550 | D:2      | Reached XP level 3. HP: 8/29 MP: 2/6
   560 | D:2      | Gained mutation: You are weak. (Str -2) [potion of mutation]
   560 | D:2      | Gained mutation: You are clumsy. (Dex -2) [potion of mutation]
   560 | D:2      | Gained mutation: You tend to lose your temper in combat. [potion of mutation]
   561 | D:2      | Gained mutation: Your mind is acute. (Int +2) [potion of mutation]
   561 | D:2      | Gained mutation: Your magical capacity is low. (-10% MP) [potion of mutation]
   561 | D:2      | Lost mutation: You are clumsy. (Dex -2) [potion of mutation]
   564 | D:2      | HP: 1/29 [poisoned by an adder]
   567 | D:2      | Succumbed to an adder's poison

Vault maps used:
D:1:      ncdulo_halloftheorcs, serial_bayou_ford_a, hangedman_decor_lopped
D:2:      first_bread, okawaru_metal_pillars_3, uniq_jessica

Skill      XL: |  1  2 |
---------------+-------+-----
Charms         | 3 |  3.1
Fighting       | |  2.1
Dodging        | |  2.4
Unarmed Combat | |  2.8
Spellcasting   | |  2.0

Action                   || total
-------------------------++-------
Melee: Unarmed           ||    93
       Tailslap          ||    10
       Punch             ||     2
 Cast: Infusion          ||     1
  Use: Potion            ||     2
Armor: Skin              ||    27
Dodge: Dodged            ||    63
